 Dungeon Crawl Stone Soup version 0.29-a0-364-g921d912d32 (webtiles) character file.

Game seed: 17157341396469461782

21 holysushi the Cutter (level 3, 12/23 HPs)
             Began as a Kobold Monk on Apr 30, 2022.
             Was a Believer of Sif Muna.
             Quit the game on level 1 of the Dungeon.
             The game lasted 00:00:34 (404 turns).

holysushi the Cutter (Kobold Monk)                   Turns: 404, Time: 00:00:34

Health: 12/23      AC:  2    Str:  8    XL:     3   Next: 2%
Magic:  3/3        EV: 16    Int: 11    God:    Sif Muna [**....]
Gold:   11         SH:  0    Dex: 19    Spells: 2/2 levels left

rFire   . . .      SeeInvis .   a - +0 short sword
rCold   . . .      Faith    .   (no shield)
rNeg    . . .      Spirit   .   b - +0 robe
rPois   .          Reflect  .   (no helmet)
rElec   .          Harm     .   (no cloak)
rCorr   .          Rampage  .   (no gloves)
Will    .....                   (no boots)
Stlth   ++++......              (no amulet)
HPRegen 0.07/turn               (no ring)
MPRegen 0.08/turn               (no ring)

@: no status effects
A: small, no large weapons, nightstalker 3
a: Renounce Religion, Channel Magic


You were on level 1 of the Dungeon.
You worshipped Sif Muna.
Sif Muna was pleased with you.
You visited 1 branch of the dungeon, and saw 1 of its levels.

You collected 11 gold pieces.

Inventory:

Hand Weapons
 a - a +0 short sword (weapon)
Armour
 b - a +0 robe (worn)
Scrolls
 d - a scroll of identify {unknown}
 e - a scroll of noise {unknown}
 g - a scroll of holy word {unknown}
 h - a scroll of teleportation {unknown}
 i - a scroll of enchant armour {unknown}
Potions
 c - a potion of ambrosia
 f - a potion of haste {unknown}


   Skills:
 + Level 3.6 Fighting
 * Level 4.4 Short Blades
 - Level 3.9 Dodging
 - Level 3.2 Stealth


You had 2 spell levels left.
You didn't know any spells.
Your spell library was empty.

Dungeon Overview and Level Annotations

Branches:
Dungeon (1/15)

Altars:
Sif Muna


Innate Abilities, Weirdness & Mutations

You are small and have problems with some larger weapons.
You are completely attuned to the shadows.


Message History

The hobgoblin shouts!
You hit the kobold but do no damage. The quokka misses you.
Unknown command.
Unknown command.
You hit the kobold. You punch the kobold, but do no damage.
The kobold is severely wounded.
The kobold hits you with a +0 whip. The quokka misses you.
Unknown command.
You barely miss the kobold.
The kobold is severely wounded.
The kobold barely misses you. The quokka bites you.
You closely miss the kobold.
The kobold is severely wounded.
The kobold barely misses you. The quokka closely misses you.
The hobgoblin misses you.
Unknown command.
You hit the kobold.
You kill the kobold!
The quokka barely misses you. The hobgoblin barely misses you.
Unknown command.
You hit the quokka.
You kill the quokka!
The hobgoblin hits you.
Unknown command.
You hit the hobgoblin.
You kill the hobgoblin!
You have reached level 3!
Your experience leads to an increase in your attributes!
Increase (S)trength, (I)ntelligence, or (D)exterity?
You feel agile. x2
There is a faded altar of an unknown god here.
You cannot tell which god this altar belongs to.
Convert to them anyway?
Sif Muna accepts your prayer! Sif Muna welcomes you!
You can now call upon Sif Muna for magical energy.
Are you sure you want to abandon this character and quit the game? (Confirm with "yes".)
Okay, then.
Unknown command.
Press < or > to pray at altars.
Are you sure you want to abandon this character and quit the game? (Confirm with "yes".)

..###.....#####.....)..##.#
### ###########........#
#..)....♣♣..###
########.......♣.♣.#
###.....##......♣♣.♣.♣
#.......##.....♣♣.♣♣.♣
#.#.###.##.....♣..♣♣♣♣
#.#.# #.##.....♣8.....
#.#.# #.##.....♣@..⌠.♣
..#.# #.##.....♣8)....
#.#.###.##.....♣..♣♣♣♣
#.#........#'##♣...
#######.####.# ♣♣..♣ ###
#.# #######.# ## #.......#
<#####'#######


There were no monsters in sight!

Vanquished Creatures
  A ball python (D:1)
  3 endoplasms (D:1)
  A giant cockroach (D:1)
  2 goblins (D:1)
  4 hobgoblins (D:1)
  2 quokkas (D:1)
  2 kobolds (D:1)
  A rat (D:1)
16 creatures vanquished.

Notes
Turn   | Place    | Note
-------+----------+-------------------------------------------
     0 | D:1      | holysushi the Kobold Monk began the quest for the Orb.
     0 | D:1      | Reached XP level 1. HP: 14/14 MP: 1/1
   176 | D:1      | Reached XP level 2. HP: 19/19 MP: 2/2
   390 | D:1      | Found a faded altar of an unknown god.
   402 | D:1      | Reached XP level 3. HP: 12/23 MP: 3/3
   403 | D:1      | Prayed at the altar of an unknown god.
   403 | D:1      | Became a worshipper of Sif Muna the Loreminder
   403 | D:1      | Reached * piety under Sif Muna
   403 | D:1      | Reached ** piety under Sif Muna
   404 | D:1      | Quit the game

Illustrated notes

Levels and vault maps discovered:
D:1:      saegor_arrival_simple_d, layout_basic,
          shapermc_ecumenical_altar_totnotflames

Skill      XL: |  1  2 |
---------------+-------+-----
Stealth        | 3 |  3.2
Fighting       | |  3.6
Short Blades   | |  4.4
Dodging        | |  3.9

Action                   || total
-------------------------++-------
Melee: Short sword       ||    34
       Punch             ||     3
 Stab: Sleeping          ||     6
Armor: Robe              ||     1
Dodge: Dodged            ||    20

Table legend: (Time is in decaauts)
 A = Elapsed time spent in this place.
 B = Non-inter-level travel time spent in this place.
 C = Inter-level travel time spent in this place.
 D = Time resting spent in this place.
 E = Time spent auto-exploring this place.
 F = Levels seen in this place.
 G = Mean time per level.
                   A        B        C        D        E       F      G
               +--------+--------+--------+--------+--------+-----+--------+
         Total |    400 |    400 |      0 |      0 |    306 |   1 |  400.0 |
       Dungeon |    400 |    400 |      0 |      0 |    306 |   1 |  400.0 |
               +--------+--------+--------+--------+--------+-----+--------+

Top non-repeatable levels by time:
     D:1: 400 daAuts
